 Dungeon Crawl Stone Soup version 0.28.0 (webtiles) character file.

Game seed: 12156951406504806840

71 PoweredByGinger the Shield-Bearer (level 4, 0/39 HPs)
             Began as a Minotaur Fighter on Feb 15, 2022.
             Slain by Terence (7 damage)
             ... on level 3 of the Dungeon.
             The game lasted 00:01:38 (1517 turns).

PoweredByGinger the Shield-Bearer (MiFi)            Turns: 1517, Time: 00:01:39

Health: 0/39       AC:  6    Str: 23    XL:     4   Next: 5%
Magic:  3/3        EV:  9    Int:  5    God:
Gold:   125        SH:  4    Dex:  9    Spells: 3/3 levels left

rFire   . . .      SeeInvis .   a - +0 war axe
rCold   . . .      Faith    .   c - +0 buckler
rNeg    . . .      Spirit   .   b - +0 scale mail
rPois   +          Reflect  .   (helmet restricted)
rElec   .          Harm     .   (no cloak)
rCorr   .          Rampage  .   (no gloves)
Will    .....                   (no boots)
Stlth   ..........              (no amulet)
HPRegen 0.13/turn               h - ring of poison resistance
MPRegen 0.08/turn               (no ring)

@: no status effects
A: horns 2, retaliatory headbutt
a: no special abilities


You were on level 3 of the Dungeon.
You visited 1 branch of the dungeon, and saw 3 of its levels.

You collected 125 gold pieces.

Inventory:

Hand Weapons
 a - a +0 war axe (weapon)
Missiles
 f - 16 poisoned darts (quivered)
 g - 77 stones
Armour
 b - a +0 scale mail (worn)
 c - a +0 buckler (worn)
Jewellery
 h - a ring of poison resistance (left hand)
 l - a ring of magical power
 p - a +4 ring of evasion
Wands
 j - a wand of iceblast (11)
Scrolls
 e - a scroll of acquirement {unknown}
 i - 2 scrolls of identify {unknown}
 k - a scroll of fear {unknown}
 m - a scroll of blinking {unknown}
 n - a scroll of teleportation {unknown}
Potions
 d - a potion of might
 o - a potion of lignification {unknown}


   Skills:
 - Level 3.6 Fighting
 + Level 3.5 Axes
 - Level 3.6 Armour
 * Level 5.3 Shields


You had 3 spell levels left.
You didn't know any spells.
Your spell library was empty.

Dungeon Overview and Level Annotations

Branches:
Dungeon (3/15)

Altars:

Annotations:
D:3 Terence


Innate Abilities, Weirdness & Mutations

You have a pair of horns on your head.
You reflexively headbutt those who attack you in melee.


Message History

You are too injured to fight recklessly!
You hit Terence but do no damage.
Terence is moderately wounded.
You block Terence's attack.
You barely miss Terence.
Terence is moderately wounded.
Terence looks more healthy.
Terence hits you with a +1 hand axe of freezing.
Terence freezes you. You block Terence's attack.
You closely miss Terence. You headbutt Terence.
Terence is severely wounded.
Terence barely misses you. You furiously retaliate!
You headbutt Terence.
Throw: 17 darts (poison)
Press: ? - help, Q - select action, (/) - cycle Shift-Dir - straight line, f/p - Terence
Aim: Terence, wielding a +1 hand axe of freezing and wearing a +0 scale mail (severely wounded, 58% to hit)
You throw a poisoned dart.
The poisoned dart closely misses Terence.
Terence hits you but does no damage.
Unknown command.
Unknown command.
You closely miss Terence.
Terence is severely wounded.
Terence drinks a potion.
Terence is healed!
You hit Terence but do no damage.
Terence hits you with a +1 hand axe of freezing.
Terence freezes you.
* * * LOW HITPOINT WARNING * * *
Terence screams, "I'm going to kill you!"
Terence hits you but does no damage.
You hit Terence but do no damage.
Terence hits you with a +1 hand axe of freezing.
* * * LOW HITPOINT WARNING * * *
Terence freezes you.
* * * LOW HITPOINT WARNING * * *
You hit Terence but do no damage. Terence closely misses you.
You slash Terence! Your headbutt misses Terence.
Terence is severely wounded.
Terence hits you but does no damage.
Terence hits you with a +1 hand axe of freezing!
You die...

#.#.#..#
#<.....#
#.#....# ###
#.#.#....# #(.
#.#.#....# #.#
#.#.#....# #.#
#.#.#....# #@#
#.#.#....# #@#
#.#.#....#
#.###.#.#....#
#............#
#####.#.#.#..#
#.......#.#.#..#
#########.#.#..#
........
.........
#..#### ...


You could see Terence.

Vanquished Creatures
  2 adders (D:2)
  A worm (D:2)
  A dart slug (D:1)
  8 endoplasms
  2 goblins
  3 hobgoblins
  2 quokkas (D:2)
  2 ball pythons (D:1)
  6 bats
  3 frilled lizards (D:1)
  7 kobolds
  13 rats
50 creatures vanquished.

Notes
Turn   | Place    | Note
-------+----------+-------------------------------------------
     0 | D:1      | PoweredByGinger the Minotaur Fighter began the quest for
                  | the Orb.
     0 | D:1      | Reached XP level 1. HP: 19/19 MP: 0/0
   114 | D:1      | Reached skill level 4 in Shields
   115 | D:1      | Reached XP level 2. HP: 11/26 MP: 1/1
   771 | D:2      | Reached XP level 3. HP: 26/31 MP: 2/2
   981 | D:2      | Reached skill level 5 in Shields
  1355 | D:2      | Found a faded altar of an unknown god.
  1360 | D:2      | Reached XP level 4. HP: 39/39 MP: 3/3
  1497 | D:3      | Noticed Terence
  1517 | D:3      | Slain by Terence

Illustrated notes

Levels and vault maps discovered:
D:1:      dpeg_arrival_ternary, layout_rooms
D:2:      layout_basic, hellmonk_ecumenical_altar_arch_garden,
          hangedman_feature_mirror, minmay_misc_feat_room,
          amcnicky_mini_rare_corridor_liquid, minmay_rat_gold_closets
D:3:      layout_basic, due_unseen_surprise, uniq_natasha, uniq_terence

Skill      XL: |  1  2  3 |
---------------+----------+-----
Shields        | 4 5 |  5.3
Axes           | 3 |  3.5
Fighting       | |  3.6
Armour         | |  3.6

Action                   |  1- 3 |  4- 6 || total
-------------------------+-------+-------++-------
Melee: War axe           |    92 |    19 ||   111
       Headbutt          |    11 |     2 ||    13
Throw: Dart              |       |     2 ||     2
Armor: Scale mail        |    41 |     5 ||    46
Dodge: Dodged            |    44 |     5 ||    49
Block: Buckler           |    21 |     6 ||    27
